 Dungeon Crawl Stone Soup version 0.31-a0-198-g2ad674f65e (webtiles) character file.

Game seed: 7735172126333008055

135 qw the Skirmisher (level 4, 0/25 HPs)
             Began as a Deep Elf Hunter on June 25, 2023.
             Constricted to death by a ball python (1 damage)
             ... on level 3 of the Dungeon.
             The game lasted 00:00:44 (1716 turns).

qw the Skirmisher (Deep Elf Hunter)                 Turns: 1716, Time: 00:00:45

Health: 0/25       AC:  4    Str: 10    XL:     4   Next: 97%
Magic:  6/6        EV:  9    Int: 14    God:
Gold:   110        SH:  4    Dex: 18    Spells: 3/3 levels left

rFire   . . .        Y - +0 shortbow
rCold   . . .        (shield currently unavailable)
rNeg    . . .        c - +0 leather armour
rPois   .            (no helmet)
rElec   .            (no cloak)
rCorr   +            a - +0 pair of gloves
SInv    .            (no boots)
Will    .....        (no amulet)
Stlth   ++           h - ring of resist corrosion
HPRegen 0.24/turn    (no ring)
MPRegen 0.10/turn

%: no passive effects
@: constricted
A: large bone plates 1, high MP 1
a: no special abilities


You were on level 3 of the Dungeon.
You visited 1 branch of the dungeon, and saw 3 of its levels.

You collected 110 gold pieces.


Innate Abilities, Weirdness & Mutations

You are partially covered in large bone plates. (SH +4)
You have an increased reservoir of magic. (+10% MP)


   Skills:
 - Level 1.5 Fighting
 + Level 8.3 Ranged Weapons
 - Level 2.4 Dodging
 - Level 1.2 Stealth


You had 3 spell levels left.
You didn't know any spells.
Your spell library was empty.

Inventory:

Hand Weapons
 Y - a +0 shortbow (weapon)
Armour
 a - a +0 pair of gloves (worn)
 c - a +0 leather armour (worn)
 g - a +0 ring mail
Jewellery
 h - a ring of resist corrosion (left hand)
Potions
 b - a potion of curing {unknown}
 d - a potion of mutation
 e - a potion of enlightenment {unknown}
 f - a potion of haste {unknown}
 i - a potion of heal wounds {unknown}
 l - a potion of resistance {unknown}
 m - a potion of attraction {unknown}

Dungeon Overview and Level Annotations

Branches:
Dungeon (3/15)

Altars:
Dithmenos
Fedhas

Shops:
D:1 :


Message History

You shoot an arrow. The ball python hisses angrily.
The arrow hits the orc.
The orc is severely wounded.
The orc closely misses you. The orc completely misses you.
You shoot an arrow. The arrow hits the orc!
You kill the orc!
The orc hits you with a +0 short sword.
You shoot an arrow. The arrow hits the orc.
The orc is lightly wounded.
The orc hits you but does no damage.
You shoot an arrow.
The arrow hits the orc but does no damage.
The orc is lightly wounded.
The orc closely misses you.
You shoot an arrow. The arrow hits the orc.
The orc is moderately wounded.
The ball python barely misses you. The ball python closely misses you.
The orc hits you but does no damage.
The ball python bites you but does no damage.
The ball python completely misses you.
You shoot an arrow. The arrow hits the orc.
The orc is heavily wounded.
The orc misses you. You block the orc's attack. The ball python bites you.
The ball python barely misses you.
The orc hits you with a +0 short sword of holy wrath.
The orc hits you with a +0 short sword.
You shoot an arrow. The arrow completely misses the orc.
The ball python barely misses you. The ball python closely misses you.
The orc barely misses you. The orc hits you with a +0 club.
You block the orc's attack.
You shoot an arrow. The arrow barely misses the orc.
The ball python barely misses you. The ball python grabs you.
The ball python constricts you. You block the orc's attack.
The orc hits you with a +0 club. The orc hits you but does no damage.
The ball python closely misses you. The ball python constricts you.
You shoot an arrow.
The arrow closely misses the ball python.
You block the ball python's attack. The ball python constricts you.
You die...

#....#.#.....
...######......###. .
.........[).....#.#. ..
#..####.#..##....#. ...
#........###.##.#. #..
##..##.######....##
#..#).###.....#####...
.##...oo##..###.# ##.##
......S@......# #....
#.....o...##....####....
##..._...## #...........
#......... .######....
....)...).. .# #....
.##.....##.. # #....
#..#..# #.. ####.
#..###.. .#. #. ... #.
..# ##


You could see 3 orcs and a ball python.

Vanquished Creatures
  Jessica (D:3)
  An orc wizard (D:3)
  4 adders
  2 worms
  A dart slug (D:2)
  5 orcs (D:3)
  2 ball pythons
  2 bats
  5 endoplasms
  5 goblins
  3 hobgoblins (D:1)
  2 quokkas
  3 frilled lizards
  A kobold (D:2)
  A rat (D:1)
38 creatures vanquished.

Notes
Turn   | Place    | Note
-------+----------+-------------------------------------------
     0 | D:1      | qw the Deep Elf Hunter began the quest for the Orb.
     0 | D:1      | Reached XP level 1. HP: 12/12 MP: 3/3
     0 | D:1      | 0 ||| qw: Version: 0.3-a-22-g0ed2b0b
     0 | D:1      | 0 ||| qw: Game counter: 5432
     0 | D:1      | 0 ||| qw: Melee chars always use a shield: true
     0 | D:1      | 0 ||| qw: God list: Okawaru
     0 | D:1      | 0 ||| qw: Allow faded altars: false
     0 | D:1      | 0 ||| qw: Do Orc after clearing Dungeon:15 true
     0 | D:1      | 0 ||| qw: Do second Lair branch before Depths: true
     0 | D:1      | 0 ||| qw: Lair rune preference: random
     0 | D:1      | 0 ||| qw: Goals: Normal
     0 | D:1      | 0 ||| PLANNING D:1-11
    76 | D:1      | Found a faded altar of an unknown god.
   230 | D:1      | Reached XP level 2. HP: 12/16 MP: 4/4
   235 | D:1      | 235 ||| FLEEEEING.
   272 | D:1      | Reached skill level 6 in Ranged Weapons
   357 | D:1      | Found Teidghurgh's Book Shoppe.
   681 | D:1      | 681 ||| UPGRADING to ring of resist corrosion.
   682 | D:1      | 682 ||| READING scroll labelled TAMOEF PYLALO.
   714 | D:1      | 714 ||| READING scroll labelled NEEWUDWEDY.
   715 | D:1      | 715 ||| READING scroll labelled GYUQIO UXZUZ AGHA.
   716 | D:1      | 716 ||| READING scroll labelled ZAITHOADDI.
   717 | D:1      | 717 ||| READING scroll labelled SAIF LYWETA.
   718 | D:1      | 718 ||| DRINKING 2 red potions.
   718 | D:1      | Gained mutation: You have an increased reservoir of magic.
                  | (+10% MP) [potion of mutation]
   718 | D:1      | Gained mutation: You are partially covered in large bone
                  | plates. (SH +4) [potion of mutation]
   719 | D:1      | 719 ||| DROPPING scroll of butterflies.
   800 | D:2      | 800 ||| FLEEEEING.
   804 | D:2      | 804 ||| FLEEEEING.
   805 | D:2      | 805 ||| FLEEEEING.
  1068 | D:2      | Reached XP level 3. HP: 17/20 MP: 5/5
  1110 | D:2      | Reached skill level 7 in Ranged Weapons
  1381 | D:2      | 1381 ||| UPGRADING to +0 pair of gloves.
  1386 | D:2      | 1386 ||| READING scroll labelled ASAUM XARERCHI.
  1387 | D:2      | 1387 ||| READING scroll labelled HACAJE YNIT.
  1388 | D:2      | 1388 ||| DRINKING 2 fizzy red potions.
  1389 | D:2      | 1389 ||| DROPPING potion of magic.
  1575 | D:3      | Found a blossoming altar of Fedhas.
  1613 | D:3      | Reached XP level 4. HP: 25/25 MP: 6/6
  1633 | D:3      | 1633 ||| FLEEEEING.
  1640 | D:3      | 1640 ||| STAIRDANCE
  1664 | D:2      | 1664 ||| READING scroll labelled ZOYWNUJIQAU.
  1680 | D:3      | Found a shadowy altar of Dithmenos.
  1687 | D:3      | Noticed Jessica
  1692 | D:3      | Killed Jessica
  1693 | D:3      | Reached skill level 8 in Ranged Weapons
  1714 | D:3      | HP: 2/25 [orc/+0 club (5)]
  1716 | D:3      | Constricted to death by a ball python

Levels and vault maps discovered:
D:1:      zelgadis_glass_arrival_small, layout_basic, serial_shops,
          nicolae_diamond_shop, hellmonk_ecumenical_altar_zigzags
D:2:      layout_loops_ring, serial_park_tiny_1
D:3:      layout_basic, mainiacjoe_overflow_six_doors_small,
          nicolae_dithmenos_shadow_blocks, corexii_item_surrounded_by_moat,
          uniq_jessica

Skill      XL: |  1  2  3  4 |
---------------+-------------+-----
Ranged Weapons | 6 7 8 |  8.3
Fighting       | |  1.5
Dodging        | |  2.4
Stealth        | |  1.2

Action                     |  1- 3 |  4- 6 || total
---------------------------+-------+-------++-------
   Fire: Shortbow          |   102 |    49 ||   151
    Use: Scroll            |     7 |     1 ||     8
         Potion            |     2 |       ||     2
 Armour: Leather armour    |     6 |    11 ||    17
  Dodge: Dodged            |    18 |    30 ||    48
  Block: Other             |     5 |    14 ||    19

Table legend:
 A = Non-vault XP
 B = Vault XP
 C = Vault XP percentage of total XP
 D = Non-vault monster count
 E = Vault monster count
 F = Vault count percentage of total count
                 A         B        C        D         E       F
            +---------+---------+-------+---------+---------+-------
      Total |     157 |      37 |  19.1 |      37 |       1 |   2.6
            +---------+---------+-------+---------+---------+-------
        D:1 |      25 |       0 |   0.0 |      14 |       0 |   0.0
        D:2 |      44 |       0 |   0.0 |       9 |       0 |   0.0
        D:3 |      88 |      37 |  29.6 |      14 |       1 |   6.7
            +---------+---------+-------+---------+---------+-------
